 Dungeon Crawl Stone Soup version 0.30.0-30-g96aa6591b8 (webtiles) character file.

Game seed: 1655309323037935557

7 Fodor the Shield-Bearer (level 1, -3/20 HPs)
             Began as a Minotaur Fighter on June 28, 2023.
             Slain by a quokka (4 damage)
             ... on level 1 of the Dungeon.
             The game lasted 00:00:20 (36 turns).

Fodor the Shield-Bearer (Minotaur Fighter)            Turns: 36, Time: 00:00:21

Health: -3/20      AC:  7    Str: 20    XL:     1   Next: 91%
Magic:  0/0        EV:  6    Int:  5    God:
Gold:   9          SH:  4    Dex:  9    Spells: 0/0 levels left

rFire   . . .        a - +0 long sword
rCold   . . .        c - +0 buckler
rNeg    . . .        b - +0 scale mail
rPois   .            (helmet restricted)
rElec   .            (no cloak)
rCorr   .            (no gloves)
SInv    .            (no boots)
Will    .....        (no amulet) Stlth
                     (no ring)
HPRegen 0.23/turn    (no ring)
MPRegen 0.07/turn

%: no passive effects
@: constricted
A: horns 2, retaliatory headbutt
a: no special abilities


You were on level 1 of the Dungeon.
You visited 1 branch of the dungeon, and saw 1 of its levels.

You collected 9 gold pieces.

Inventory:

Hand Weapons
 a - a +0 long sword (weapon)
Armour
 b - a +0 scale mail (worn)
 c - a +0 buckler (worn)
Potions
 d - a potion of might


   Skills:
 + Level 3.8 Fighting
 + Level 2.4 Long Blades
 + Level 3.8 Armour
 + Level 3.9 Shields


You couldn't memorise any spells.
You didn't know any spells.
Your spell library was empty.

Dungeon Overview and Level Annotations

Branches:
Dungeon (1/15)

Altars:


Innate Abilities, Weirdness & Mutations

You have a pair of horns on your head.
You reflexively headbutt those who attack you in melee.


Message History

The ball python barely misses you. The ball python constricts you.
* * * LOW HITPOINT WARNING * * *
The ball python bites you.
* * * LOW HITPOINT WARNING * * *
You block the rat's attack. The quokka bites you.
* * * LOW HITPOINT WARNING * * *
The ball python bites you but does no damage.
The ball python constricts you.
You hit the ball python.
The ball python is severely wounded.
The ball python bites you but does no damage.
The ball python barely misses you. The ball python constricts you.
The rat barely misses you. You block the quokka's attack.
The ball python bites you but does no damage. x2
The ball python constricts you.
* * * LOW HITPOINT WARNING * * *
The rat bites you but does no damage.
The quokka bites you but does no damage.
You slash the ball python!
You kill the ball python!
The ball python barely misses you. x2; The quokka bites you.
* * * LOW HITPOINT WARNING * * *
The rat barely misses you. The ball python barely misses you.
You furiously retaliate!
You headbutt the ball python. The ball python grabs you.
The ball python constricts you.
Things that are here:
a black potion; a ball python corpse Unknown command.
You escape the ball python's grasp.
Unknown command.
You closely miss the quokka.
The quokka bites you but does no damage.
The rat bites you.
* * * LOW HITPOINT WARNING * * *
The quokka bites you but does no damage.
The ball python bites you but does no damage.
The ball python grabs you. The ball python constricts you.
You closely miss the quokka. The quokka bites you.
You die...

.... ....###...# #....
..........#
.....##..#..#...#
#.......#...$...######.
.....#..#...#..?.......
#).....####...........
#....................
##..(.......S.†###.#...
#.....##.###@r..†.......
.....#.....##r....#....#
.... #.<.....#....# ...
... #.....##.....# # #.
...##.###........ . #...
.........#.### #..
........##.# #...
..####..# .# .... ..


You could see a quokka, a ball python and a rat.

Vanquished Creatures
  2 hobgoblins (D:1)
  3 jackals (D:1)
  A ball python (D:1)
6 creatures vanquished.

Notes
Turn   | Place    | Note
-------+----------+-------------------------------------------
     0 | D:1      | Fodor the Minotaur Fighter began the quest for the Orb.
     0 | D:1      | Reached XP level 1. HP: 19/19 MP: 0/0
    32 | D:1      | HP: 1/20 [quokka (1)]
    36 | D:1      | Slain by a quokka

Illustrated notes

Levels and vault maps discovered:
D:1:      erik_arrival_blinker_ship, layout_loops_cross,
          ebering_ecumenical_altar_petrified, minmay_misc_feat_enclosed,
          kennysheep_another_room, corner_web_ring

Action                     || total
---------------------------++-------
  Melee: Long sword        ||    18
         Headbutt          ||     1
 Armour: Scale mail        ||    35
  Dodge: Dodged            ||    29
  Block: Buckler           ||     9
